 Dungeon Crawl Stone Soup version 0.23.2-1-ga50397a (webtiles) character file.

Game seed: 4708847607422632669

7320 Kahsius the Cleaver (level 10, 0/92 HPs)
             Began as a Minotaur Berserker on May 6, 2019.
             Was an Elder of Trog.
             Slain by a manticore (10 damage)
             ... on level 10 of the Dungeon.
             The game lasted 00:26:50 (9067 turns).

Kahsius the Cleaver (Minotaur Berserker)            Turns: 9067, Time: 00:26:50

Health: 0/92       AC: 17    Str: 21    XL:     10   Next: 90%
Magic:  9/9        EV: 11    Int:  9    God:    Trog [****..]
Gold:   687        SH:  0    Dex: 14    Spells: 9/9 levels left

rFire    + . .     SeeInvis .   I - +3 battleaxe
rCold    + + .     Gourm    .   (shield currently unavailable)
rNeg     . . .     Faith    .   s - +0 plate armour
rPois    +         Spirit   .   (helmet restricted)
rElec    .         Reflect  .   x - scarf {rC+ rF+}
rCorr    .         Harm     .   (no gloves)
MR       +++..     NoTele   +   (no boots)
Stlth    ..........             (no amulet)
HPRegen  1.25/turn              C - +3 ring of protection
MPRegen  0.11/turn              G - ring of Dicyv {-Tele rPois rC+ MR+}

@: brilliant, barbed spikes, regenerating
A: retaliatory headbutt, horns 2
a: Berserk, Trog's Hand, Brothers in Arms, Renounce Religion


You were on level 10 of the Dungeon.
You worshipped Trog.
Trog was greatly pleased with you.
You were hungry.

You visited 1 branch of the dungeon, and saw 10 of its levels.
You also visited: Ossuary.

You collected 687 gold pieces.

Inventory:

Hand Weapons
 a - a +0 hand axe
 r - a +0 whip of draining
 D - a +0 battleaxe
 I - a +3 battleaxe (weapon)
Armour
 g - a +1 ring mail of cold resistance
 s - a +0 plate armour (worn)
 x - a scarf of resistance (worn)
Jewellery
 C - a +3 ring of protection (left hand)
 G - the ring of Dicyv (right hand) {-Tele rPois rC+ MR+}
   (You found it on level 7 of the Dungeon)

   [ring of protection from cold]

   It protects you from cold.
   It protects you from poison.
   It affects your resistance to hostile enchantments.
   It prevents most forms of teleportation.
Wands
 y - a wand of clouds (6)
 J - a wand of scattershot (8)
 L - a wand of flame (16)
Scrolls
 b - 2 scrolls of identify
 i - 3 scrolls of amnesia {unknown}
 j - 4 scrolls of blinking {unknown}
 n - 6 scrolls of remove curse
 p - 2 scrolls of enchant weapon {unknown}
 q - 4 scrolls of random uselessness {unknown}
 u - 2 scrolls of immolation {unknown}
 w - 3 scrolls of teleportation {unknown}
 z - a scroll of fog {unknown}
 A - 5 scrolls of magic mapping
 F - 2 scrolls of vulnerability {unknown}
 H - a scroll of enchant armour {unknown}
Potions
 d - 2 potions of might {unknown}
 e - 3 potions of lignification {unknown}
 f - a potion of agility {unknown}
 h - 3 potions of brilliance
 k - a potion of mutation {unknown}
 l - 4 potions of cancellation {unknown}
 m - a potion of degeneration {unknown}
 o - 6 potions of curing {unknown}
 t - 4 potions of heal wounds {unknown}
 v - 4 potions of magic
 B - 3 potions of haste {unknown}
 E - 2 potions of resistance {unknown}
Comestibles
 c - 25 rations
 K - 4 chunks of flesh


   Skills:
 + Level 9.7 Fighting
 * Level 12.8 Axes
 + Level 9.3 Armour
 + Level 8.6 Dodging


You had 9 spell levels left.
You didn't know any spells.
Your spell library was empty.

Dungeon Overview and Level Annotations

Branches:
Dungeon (10/15)            Temple (0/1) D:6
   Lair: D:8-11         Orc: D:9-12

Altars:
Dithmenos
Gozag
Hepliaklqana
Kikubaaqudgha
Qazlal
Sif Muna
Uskayaw
Vehumet
Xom
Yredelemnul

Shops:
D:9 [

Annotations:
D:10 Erolcha


Innate Abilities, Weirdness & Mutations

You reflexively headbutt those who attack you in melee.
You have a pair of horns on your head.


Message History

The barbs in your skin will harm you if you move.
Continue?
Okay, then.
Okay, then.
You feel clever all of a sudden.
Your ogre barely misses the hellwing.
Erolcha hits you with a +0 giant club!!
* * * LOW HITPOINT WARNING * * *
The hellwing hits you but does no damage. x2
The manticore bites you!
* * * LOW HITPOINT WARNING * * *
The manticore claws you but does no damage.
The manticore barely misses you.
You slash the hellwing! Your headbutt misses the hellwing.
The hellwing is almost dead.
You slash Erolcha! You hit the manticore but do no damage.
Your ogre hits the hellwing with a +0 giant club!!!
The hellwing dies!
Trog accepts your kill.
Erolcha screams, "Lunch!"
Erolcha hits you but does no damage. The manticore bites you!
You die...

...... ..P...####
...8.....# #..#
#).# #..# #..#
#OH# #@O####.#
#..)....#
#..######
##..############
#.........(....#
#.#.#.#########)#
##...## #.#
#....# #.# #.##.
#.#


You could see Erolcha, a manticore and a friendly ogre (berserk).

Vanquished Creatures
  Nergalle (D:10)
  2 centaur zombies (D:10)
  A hellwing (D:10)
  A harpy skeleton (D:10)
  A hippogriff (D:7)
  A spriggan (D:7)
  A wyvern (D:8)
  A wraith (Ossuary)
  Sigmund (D:5)
  6 yaks (D:9)
  Menkaure (D:5)
  A black bear (D:9)
  2 ice beasts
  An orc warrior (D:5)
  5 sky beasts
  2 centaurs
  2 ogres
  A crocodile (D:8)
  2 bullfrogs
  A wyvern skeleton (D:10)
  5 scorpions
  3 killer bees (D:7)
  3 wights (D:9)
  2 crimson imps
  2 quasits
  2 bullfrog zombies
  5 hounds
  3 jellies (D:9)
  2 centaur skeletons
  2 orc priests
  A bullfrog skeleton (D:7)
  9 orc wizards
  3 iguanas
  11 worker ants
  A hound skeleton (D:4)
  A mummy (Ossuary)
  10 adders
  7 shadow imps
  An ooze (D:7)
  2 adder skeletons
  5 dart slugs
  4 worms
  4 leopard geckos
  22 orcs
  A ball python (D:2)
  11 bats
  3 giant cockroaches
  5 goblins
  16 hobgoblins
  2 jackals (D:6)
  A ball python skeleton (D:4)
  4 frilled lizards
  A giant cockroach zombie (D:3)
  8 gnoll skeletons (Ossuary)
  6 kobolds
  4 kobold skeletons (Ossuary)
  A leopard gecko skeleton (D:5)
  A leopard gecko zombie (D:8)
  13 orc skeletons (Ossuary)
  14 rats
235 creatures vanquished.

Vanquished Creatures (collateral kills)
  A hellwing (D:10)
1 creature vanquished.

Vanquished Creatures (others)
  A human (D:2)
1 creature vanquished.

Grand Total: 237 creatures vanquished

Notes
Turn   | Place    | Note
-------+----------+-------------------------------------------
     0 | D:1      | Kahsius the Minotaur Berserker began the quest for the Orb.
     0 | D:1      | Reached XP level 1. HP: 19/19 MP: 0/0
    32 | D:1      | Reached XP level 2. HP: 18/27 MP: 1/1
   162 | D:1      | Reached skill level 4 in Axes
   679 | D:1      | Reached XP level 3. HP: 19/33 MP: 2/2
  1174 | D:2      | Reached ** piety under Trog
  1321 | D:2      | Found an ancient bone altar of Kikubaaqudgha.
  1323 | D:2      | Noticed a human
  1324 | D:2      | Killed a human
  1463 | D:2      | Found a faded altar of an unknown god.
  1481 | D:2      | Reached XP level 4. HP: 40/40 MP: 3/3
  1916 | D:2      | HP: 2/41 [poisoned by kobold (curare-tipped needle)]
  1924 | D:2      | HP: 1/41 [poisoned by kobold (curare-tipped needle)]
  2408 | D:3      | Reached skill level 5 in Axes
  2626 | D:3      | Found a shimmering altar of Xom.
  2739 | D:3      | Reached XP level 5. HP: 47/47 MP: 4/4
  2889 | D:3      | Found a basalt altar of Yredelemnul.
  3223 | D:4      | Reached *** piety under Trog
  3497 | D:5      | Entered Level 5 of the Dungeon
  3613 | D:5      | Found a stormy altar of Qazlal.
  3679 | D:5      | Noticed Sigmund
  3717 | D:5      | Killed Sigmund
  3717 | D:5      | Reached skill level 5 in Fighting
  3717 | D:5      | Reached skill level 6 in Axes
  3717 | D:5      | Reached XP level 6. HP: 39/56 MP: 5/5
  3848 | D:5      | Noticed an orc warrior
  3855 | D:5      | Killed an orc warrior
  3917 | D:5      | Reached XP level 7. HP: 61/61 MP: 6/6
  3952 | D:5      | Reached skill level 7 in Axes
  4072 | D:5      | Noticed Menkaure
  4077 | D:5      | Killed Menkaure
  4077 | D:5      | Reached skill level 5 in Armour
  4650 | D:6      | Reached skill level 5 in Dodging
  4780 | D:6      | Reached XP level 8. HP: 70/70 MP: 7/7
  4798 | D:6      | Reached skill level 8 in Axes
  4897 | D:6      | Found an opulent altar of Gozag.
  4974 | D:6      | Found a staircase to the Ecumenical Temple.
  5490 | D:7      | Reached skill level 9 in Axes
  5528 | D:7      | Got a crude lapis lazuli ring
  5531 | D:7      | Identified the ring of Dicyv {-Tele rPois rC+ MR+} (You
                  | found it on level 7 of the Dungeon)
  5579 | D:7      | Reached XP level 9. HP: 37/79 MP: 8/8
  5895 | D:7      | Reached **** piety under Trog
  6396 | D:7      | Reached skill level 10 in Axes
  6813 | D:8      | Found a sand-covered staircase.
  6827 | Ossuary  | Entered an ossuary
  7036 | D:8      | Found a deep blue altar of Sif Muna.
  7264 | D:8      | Found a radiant altar of Vehumet.
  7364 | D:8      | Found a hazy altar of Hepliaklqana.
  7364 | D:8      | Found a shadowy altar of Dithmenos.
  7410 | D:8      | Reached skill level 11 in Axes
  7816 | D:9      | Found an opulent altar of Gozag.
  7870 | D:9      | Reached ***** piety under Trog
  8068 | D:9      | Found Luno's Antique Armour Shop.
  8108 | D:9      | Found a hide-covered altar of Uskayaw.
  8174 | D:9      | Reached XP level 10. HP: 67/90 MP: 9/9
  8359 | D:9      | Received a gift from Trog
  8749 | D:10     | Entered Level 10 of the Dungeon
  8776 | D:10     | Noticed Nergalle
  8783 | D:10     | Killed Nergalle
  8783 | D:10     | Reached skill level 12 in Axes
  9050 | D:10     | Noticed a manticore
  9054 | D:10     | Noticed Erolcha
  9067 | D:10     | Slain by a manticore

Skill      XL: |  1  2  3  4  5  6  7  8  9 10 |
---------------+-------------------------------+-----
Axes           | 4 5 6 7 9 11 12 | 12.8
Fighting       | 4 5 6 7 8 9 |  9.7
Armour         | 3 4 5 6 8 9 |  9.3
Dodging        | 3 4 5 6 7 8 |  8.6

Action                   |  1- 3 |  4- 6 |  7- 9 | 10-12 || total
-------------------------+-------+-------+-------+-------++-------
Melee: Hand axe          |    71 |    89 |       |       ||   160
       Headbutt          |    11 |    24 |    59 |    26 ||   120
       Battleaxe         |       |    25 |   293 |    87 ||   405
Invok: Berserk           |     3 |     4 |     6 |     1 ||    14
       Trog's Hand       |       |     1 |     4 |     2 ||     7
       Brothers in Arms  |       |       |       |     1 ||     1
  Use: Scroll            |       |     5 |     6 |       ||    11
       Potion            |       |       |       |     1 ||     1
 Stab: Sleeping          |     1 |       |       |       ||     1
  Eat: Chunk             |     4 |    10 |    20 |     4 ||    38
       Ration            |       |     1 |       |       ||     1
Armor: Animal skin       |    13 |       |       |       ||    13
       Ring mail         |     1 |     8 |       |       ||     9
       Plate armour      |       |    45 |   175 |    48 ||   268
Dodge: Dodged            |    42 |    41 |   134 |    51 ||   268
